 Dungeon Crawl Stone Soup version 0.22-a0-475-g101988f953 (webtiles) character file.

2630 Rrauwl the Magician (level 9, -11/99 HPs)
             Began as a Gnoll Earth Elementalist on June 14, 2018.
             Mangled by NoiZ's ghost (24 damage)
             ... on level 7 of the Dungeon.
             The game lasted 00:17:33 (4944 turns).

Rrauwl the Magician (Gnoll Earth Elementalist)      Turns: 4944, Time: 00:17:34

Health: -11/99     AC:  4    Str: 14 (16) XL:     9   Next: 61%
Magic:  19/19      EV: 17    Int: 21      God:
Gold:   239        SH:  0    Dex: 19      Spells: 15/21 levels left

rFire    . . .     SeeInvis .   n - +2 war axe (vamp)
rCold    . . .     Gourm    .   (no shield)
rNeg     . . .     Faith    .   c - +0 robe
rPois    .         Spirit   .   (helmet restricted)
rElec    .         Reflect  .   p - +1 cloak
rCorr    .         Harm     .   (no gloves)
MR       +....                  (no boots)
Stlth    ..........             a - amulet of rage
HPRegen  0.26/turn              k - ring of protection from magic
MPRegen  0.16/turn              h - +4 ring of dexterity

@: berserking (expiring), very quick
A: distributed training, fangs 1, horns 1, deterioration 1, wild magic 1, strong
nose
a: Evoke Berserk Rage


You were on level 7 of the Dungeon.
You were very hungry.

You visited 1 branch of the dungeon, and saw 7 of its levels.
You also visited: Sewer.

You collected 239 gold pieces.

Inventory:

Hand Weapons
 n - a +2 vampiric war axe (weapon)
Missiles
 b - 189 stones (quivered)
Armour
 c - a +0 robe (worn)
 p - a +1 cloak (worn)
Jewellery
 a - an amulet of rage (around neck)
 g - an uncursed amulet of guardian spirit
 h - a +4 ring of dexterity (right hand)
 k - a ring of protection from magic (left hand)
 o - an uncursed ring of stealth
 t - an uncursed ring of flight
Scrolls
 f - a scroll of teleportation
 i - 7 scrolls of identify
 l - 2 scrolls of remove curse
 r - a scroll of immolation
 s - 2 scrolls of fog
 v - 2 scrolls of magic mapping
Potions
 d - 2 potions of flight
 j - 2 potions of haste
 m - a potion of heal wounds
 q - 2 potions of curing
Comestibles
 e - 5 rations


   Skills:
 + Level 4.3 Fighting
 + Level 4.3 Short Blades
 + Level 4.3 Long Blades
 + Level 4.3 Axes
 + Level 4.3 Maces & Flails
 + Level 4.3 Polearms
 + Level 4.3 Staves
 + Level 4.3 Slings
 + Level 4.3 Bows
 + Level 4.3 Crossbows
 + Level 4.3 Throwing
 + Level 4.3 Armour
 + Level 6.4 Dodging
 + Level 6.1 Stealth
 + Level 4.3 Shields
 + Level 4.3 Unarmed Combat
 + Level 6.7 Spellcasting
 + Level 3.5 Conjurations
 + Level 3.5 Hexes
 + Level 3.5 Charms
 + Level 3.5 Summonings
 + Level 3.5 Necromancy
 + Level 3.5 Translocations
 + Level 4.2 Transmutations
 + Level 3.5 Fire Magic
 + Level 3.5 Ice Magic
 + Level 3.5 Air Magic
 + Level 6.6 Earth Magic
 + Level 3.5 Poison Magic
 + Level 4.8 Invocations
 + Level 4.3 Evocations


You had 15 spell levels left.
You knew the following spells:

 Your Spells              Type           Power        Failure   Level  Hunger
a - Sandblast             Erth           #####.       1%          1    None
b - Stone Arrow           Conj/Erth      #####.       5%          3    #......
c - Passwall              Tmut/Erth      #####...     3%          2    None

Your spell library contained the following spells:

 Spells                   Type           Power        Failure   Level  Hunger
 Lee's Rapid Deconstruct  Erth           #####.....   24%         5    #####..
 Petrify                  Tmut/Erth      #####...     14%         4    ###....


Dungeon Overview and Level Annotations

Branches:
Dungeon (7/15)
 Temple: D:4-7

Altars:
Cheibriados
Yredelemnul

Shops:
D:5 %   D:6 =

Annotations:
D:7 NoiZ's ghost, novice MiFi


Innate Abilities, Weirdness & Mutations

Your experience applies equally to all skills.
You have very sharp teeth.
Your uncanny sense of smell can sniff out nearby items.
You have a pair of small horns on your head.
Your body sometimes deteriorates upon taking damage.
Your spells are a little harder to cast, but a little more powerful.


Message History

You hit NoiZ's ghost. You bite NoiZ's ghost.
NoiZ's ghost is severely damaged.
You hit NoiZ's ghost.
NoiZ's ghost is severely damaged.
NoiZ's ghost hits you.
* * * LOW HITPOINT WARNING * * *
You hit NoiZ's ghost.
NoiZ's ghost is severely damaged.
NoiZ's ghost closely misses you.
You closely miss NoiZ's ghost.
You bite NoiZ's ghost, but do no damage.
NoiZ's ghost is severely damaged.
NoiZ's ghost completely misses you.
You slash NoiZ's ghost! Your headbutt misses NoiZ's ghost.
NoiZ's ghost is severely damaged.
NoiZ's ghost barely misses you.
You slash NoiZ's ghost! You bite NoiZ's ghost.
NoiZ's ghost is almost destroyed.
NoiZ's ghost hits you!!
You die...

##...........
#......#..... ...#W
##....)....... .....
#....)))...... ......
##....#........ ......
##...####....... ......#
##...## #.......
.......###...##
##....... #.....#@..###
#........
#....W.....#####.......
#......................
##.....................
#...........##........
#.........######......
#...........# ##.....
#...........# ###.....
.............####.......


You could see NoiZ's ghost.

Vanquished Creatures
  A two-headed ogre (D:7)
  Grinder (D:3)
  Menkaure (D:5)
  2 orc warriors
  3 ogres (D:4)
  A necrophage (D:6)
  A centaur (D:5)
  A big kobold (Sewer)
  A wyvern zombie (D:4)
  A bullfrog (D:6)
  2 howler monkeys
  A bullfrog zombie (D:6)
  A crimson imp (D:6)
  3 hounds
  A jelly (D:5)
  4 orc priests
  6 orc wizards
  A bullfrog skeleton (D:7)
  3 worker ants
  A hound skeleton (D:5)
  3 gnolls (D:3)
  9 adders
  2 shadow imps (D:5)
  2 oozes
  An adder skeleton (D:4)
  An adder zombie (D:5)
  3 worms
  4 leopard geckos
  14 orcs
  10 bats
  2 giant cockroaches
  13 goblins
  8 hobgoblins
  6 jackals
  A quokka (D:3)
  A ball python (D:2)
  3 frilled lizards
  6 kobolds
  A quokka skeleton (D:4)
  10 rats
136 creatures vanquished.

Notes
Turn   | Place    | Note
-------+----------+-------------------------------------------
     0 | D:1      | Rrauwl the Gnoll Earth Elementalist began the quest for the Orb.
     0 | D:1      | Reached XP level 1. HP: 13/13 MP: 6/6
    70 | D:1      | Reached XP level 2. HP: 4/19 MP: 5/7
   667 | D:1      | Reached XP level 3. HP: 20/25 MP: 9/9
   819 | D:2      | Reached skill level 5 in Spellcasting
   917 | D:2      | Reached skill level 1 in Invocations
   984 | D:2      | Reached skill level 1 in Fighting
   984 | D:2      | Reached skill level 1 in Short Blades
   984 | D:2      | Reached skill level 1 in Long Blades
   984 | D:2      | Reached skill level 1 in Axes
   984 | D:2      | Reached skill level 1 in Maces & Flails
   984 | D:2      | Reached skill level 1 in Polearms
   984 | D:2      | Reached skill level 1 in Staves
   984 | D:2      | Reached skill level 1 in Slings
   984 | D:2      | Reached skill level 1 in Bows
   984 | D:2      | Reached skill level 1 in Crossbows
   984 | D:2      | Reached skill level 1 in Throwing
   984 | D:2      | Reached skill level 1 in Armour
   984 | D:2      | Reached skill level 1 in Shields
   984 | D:2      | Reached skill level 1 in Unarmed Combat
   984 | D:2      | Reached skill level 1 in Evocations
  1022 | D:2      | Reached XP level 4. HP: 24/32 MP: 7/11
  1026 | D:2      | Reached skill level 1 in Conjurations
  1026 | D:2      | Reached skill level 1 in Hexes
  1026 | D:2      | Reached skill level 1 in Charms
  1026 | D:2      | Reached skill level 1 in Summonings
  1026 | D:2      | Reached skill level 1 in Necromancy
  1026 | D:2      | Reached skill level 1 in Translocations
  1026 | D:2      | Reached skill level 1 in Fire Magic
  1026 | D:2      | Reached skill level 1 in Ice Magic
  1026 | D:2      | Reached skill level 1 in Air Magic
  1026 | D:2      | Reached skill level 1 in Poison Magic
  1029 | D:2      | Reached XP level 5. HP: 29/37 MP: 2/12
  1063 | D:2      | Found a basalt altar of Yredelemnul.
  1073 | D:2      | You fall through a shaft for 2 floors!
  1086 | D:3      | Noticed Grinder
  1092 | D:3      | Killed Grinder
  1092 | D:3      | Reached skill level 5 in Dodging
  1092 | D:3      | Reached XP level 6. HP: 33/44 MP: 5/14
  1115 | D:3      | Learned a level 3 spell: Stone Arrow
  1119 | D:3      | Learned a level 2 spell: Passwall
  1213 | D:3      | Found a glowing drain.
  1222 | Sewer    | Entered a sewer
  1511 | Sewer    | Found a white marble altar of Elyvilon.
  1588 | Sewer    | Gained mutation: You have a pair of small horns on your head. [potion of mutation]
  1588 | Sewer    | Gained mutation: Your body sometimes deteriorates upon taking damage. [potion of mutation]
  1588 | Sewer    | Gained mutation: Your spells are a little harder to cast, but a little more powerful. [potion of mutation]
  1697 | D:3      | Reached XP level 7. HP: 50/50 MP: 13/15
  2382 | D:4      | Reached skill level 5 in Stealth
  2623 | D:4      | Reached XP level 8. HP: 47/57 MP: 16/16
  3005 | D:5      | Entered Level 5 of the Dungeon
  3053 | D:5      | Found Kaclogi's Food Shoppe.
  3075 | D:5      | Found a snail-covered altar of Cheibriados.
  3211 | D:5      | Noticed Menkaure
  3215 | D:5      | Killed Menkaure
  3651 | D:6      | Reached XP level 9. HP: 62/65 MP: 15/18
  4098 | D:6      | Found Redoist's Jewellery Boutique.
  4293 | D:7      | Noticed NoiZ's ghost (novice MiFi)
  4623 | D:7      | Noticed a two-headed ogre
  4666 | D:7      | Killed a two-headed ogre
  4944 | D:7      | Mangled by NoiZ's ghost

Vault maps used:
D:1:      nzn_arrival_water_spiral
D:2:      cheibrodos_pilgrimage, lemuel_crystal_altar, hex_intersection
D:3:      cheibrodos_sewer_entry_bend, minmay_surrounded, uniq_grinder
D:4:      first_ration
D:5:      basic_altar, serial_shops, shop, uniq_menkaure
D:6:      serial_shops, shop
D:7:      minmay_temple_entry_large_hall, the_bakery, minmay_crossroads
Sewer:    sewer_kobolds

Skill      XL: |  1  2  3  4  5  6  7  8  9 |
---------------+----------------------------+-----
Transmutations | 2 3 4 |  4.2
Spellcasting   | 5 6 |  6.7
Invocations    | 1 2 3 4 |  4.8
Fighting       | 1 2 3 4 |  4.3
Short Blades   | 1 2 3 4 |  4.3
Long Blades    | 1 2 3 4 |  4.3
Axes           | 1 2 3 4 |  4.3
Maces & Flails | 1 2 3 4 |  4.3
Polearms       | 1 2 3 4 |  4.3
Staves         | 1 2 3 4 |  4.3
Slings         | 1 2 3 4 |  4.3
Bows           | 1 2 3 4 |  4.3
Crossbows      | 1 2 3 4 |  4.3
Throwing       | 1 2 3 4 |  4.3
Armour         | 1 2 3 4 |  4.3
Shields        | 1 2 3 4 |  4.3
Unarmed Combat | 1 2 3 4 |  4.3
Evocations     | 1 2 3 4 |  4.3
Conjurations   | 1 2 3 |  3.5
Hexes          | 1 2 3 |  3.5
Charms         | 1 2 3 |  3.5
Summonings     | 1 2 3 |  3.5
Necromancy     | 1 2 3 |  3.5
Translocations | 1 2 3 |  3.5
Fire Magic     | 1 2 3 |  3.5
Ice Magic      | 1 2 3 |  3.5
Air Magic      | 1 2 3 |  3.5
Poison Magic   | 1 2 3 |  3.5
Dodging        | 5 6 |  6.4
Stealth        | 5 6 |  6.1
Earth Magic    | 6 |  6.6

Action                   |  1- 3 |  4- 6 |  7- 9 || total
-------------------------+-------+-------+-------++-------
Melee: Unarmed           |     9 |       |       ||     9
       Dagger            |    44 |    31 |       ||    75
       Bite              |     5 |     2 |    29 ||    36
       Short sword       |       |     4 |    60 ||    64
       Headbutt          |       |     1 |    45 ||    46
       Punch             |       |     1 |     5 ||     6
       War axe           |       |       |   144 ||   144
 Cast: Sandblast         |    25 |    22 |    40 ||    87
       Stone Arrow       |       |       |    15 ||    15
 Abil: Evoke Berserk Rag |       |       |     2 ||     2
  Use: Potion            |       |     7 |     3 ||    10
       Scroll            |       |       |    12 ||    12
 Stab: Sleeping          |     8 |     1 |    15 ||    24
       Invisible         |       |     1 |       ||     1
  Eat: Chunk             |       |     2 |     6 ||     8
       Ration            |       |       |     3 ||     3
Armor: Robe              |     5 |     5 |    28 ||    38
Dodge: Dodged            |    36 |    20 |   160 ||   216

Table legend:
 A = Spawn XP
 B = Non-spawn XP
 C = Spawn XP percentage of total XP
 D = Spawn monster count
 E = Non-spawn monster count
 F = Spawn count percentage of total count
 G = Total turns spent on level
                    A         B        C        D         E        F      G
               +---------+---------+-------+---------+---------+-------+---------
         Total |       0 |    3758 |   0.0 |       0 |     136 |   0.0 |  4944
               +---------+---------+-------+---------+---------+-------+---------
           D:1 |       0 |      36 |   0.0 |       0 |      18 |   0.0 |   812
           D:2 |       0 |     172 |   0.0 |       0 |      21 |   0.0 |   261
           D:3 |       0 |     578 |   0.0 |       0 |      36 |   0.0 |   842
           D:4 |       0 |     579 |   0.0 |       0 |      18 |   0.0 |   698
           D:5 |       0 |     469 |   0.0 |       0 |       9 |   0.0 |   470
           D:6 |       0 |     587 |   0.0 |       0 |      14 |   0.0 |   801
           D:7 |       0 |    1228 |   0.0 |       0 |      10 |   0.0 |   668
         Sewer |       0 |     109 |   0.0 |       0 |      10 |   0.0 |   392
               +---------+---------+-------+---------+---------+-------+---------
